 Dungeon Crawl Stone Soup version 0.20.1-1-g8b1a95d (webtiles) character file.

350 Gremour the Slasher (level 6, 0/52 HPs)
             Began as a Draconian Monk on Sept 15, 2017.
             Slain by an ogre
             ... wielding a +0 giant club
              (28 damage)
             ... on level 4 of the Dungeon.
             The game lasted 00:21:23 (2869 turns).

Gremour the Slasher (Draconian Monk)                Turns: 2869, Time: 00:21:24

Health: 0/52       AC: 12    Str: 14    XL:     6   Next: 34%
Magic:  6/6        EV: 14    Int: 10    God:    Xom [.*....]
Gold:   61         SH:  0    Dex: 15    Spells: 5/6 levels left

rFire    . . .     SeeInvis +   a - +0 falchion
rCold    . . .     Gourm    .   (no shield)
rNeg     . . .     Faith    .   (armour unavailable)
rPois    .         Spirit   .   (helmet restricted)
rElec    .         Reflect  .   (no cloak)
rCorr    .         Harm     .   (no gloves)
MR       .....                  (no boots)
Stlth    ++........             (no amulet)
Regen    0.2/turn               e - ring of see invisible
MPRegen  0.1/turn               q - +6 ring of protection

@: no status effects
A: unfitting armour, cold-blooded, AC +6
a: Renounce Religion


You were on level 4 of the Dungeon.
You worshipped Xom.
You were a plaything of Xom.
You were not hungry.

You visited 1 branch of the dungeon, and saw 4 of its levels.

You collected 61 gold pieces.

Inventory:

Hand Weapons
 a - a +0 falchion (weapon)
Jewellery
 e - a ring of see invisible (left hand)
 q - a +6 ring of protection (right hand)
Wands
 i - a wand of flame (5/48)
Scrolls
 g - a scroll of identify
 j - 2 scrolls of remove curse
 k - a scroll of enchant armour {unknown}
 l - a scroll of amnesia {unknown}
 m - a scroll of fog {unknown}
 s - a scroll of magic mapping {unknown}
 t - a scroll of recharging {unknown}
Potions
 c - a potion of lignification
 h - a potion of invisibility {unknown}
 p - a potion of magic {unknown}
 r - a potion of cancellation {unknown}
Books
 o - a book of Callings

   Spells                             Type                      Level
   a - Summon Small Mammal            Summoning                    1
   b - Call Imp                       Summoning                    2
   c - Call Canine Familiar           Summoning                    3
   d - Summon Guardian Golem          Hexes/Summoning              3
   e - Summon Lightning Spire         Summoning/Air                4
   f - Summon Ice Beast               Ice/Summoning                4
Comestibles
 b - 3 bread rations
 d - a royal jelly
 f - a meat ration
 n - a fruit
 u - 6 chunks of flesh


   Skills:
 + Level 4.0 Fighting
 + Level 5.1 Long Blades
 * Level 3.4 Dodging
 + Level 3.1 Stealth
 * Level 1.9 Unarmed Combat
 * Level 0.5 Spellcasting
 + Level 0.8 Evocations


You had 5 spell levels left.
You knew the following spells:

 Your Spells              Type           Power        Failure   Level  Hunger
m - Summon Small Mammal   Summ           #...         36%         1    ##.....


Dungeon Overview and Level Annotations

Branches:
Dungeon (4/15)             Temple (0/1) D:4

Altars:
Xom


Innate Abilities, Weirdness & Mutations

Your plain brown scales are hard. (AC +6)
You cannot fit into any form of body armour.
You are cold-blooded and may be slowed by cold attacks.


Message History

Items here: ))) [ ÷ a dagger x2; a ring mail; a hand axe; an orc skeleton Eat one of 7 chunks of flesh? (ye/n/q)
You eat one of the 7 chunks of flesh.
This raw flesh tastes terrible.
Okay, then.
Found a dagger.
Things that are here:
a mace; an orc corpse
Found a robe.
Found a stone staircase leading up.
You see here a robe.
Found a staircase to the Ecumenical Temple.
An ogre comes into view. It is wielding a giant club.
The ogre shouts!
Found 6 gold pieces.
You hit the ogre but do no damage. The ogre barely misses you.
You closely miss the ogre. The ogre hits you with a giant club!!
Ouch! That really hurt!
You die...
Xom chuckles heartily!

#.. #.#..#
###....#.... #
#.#..#####.####....
#<#.......[.....##
+.#..#####.......##
#.#...####.........
#.#.).#...........#
#.# ......#...#....
#.# ......#.⌠.#...#
..# ....###.@.# #..
..#
.........O.....#
.....⌠..>..⌠...#
................
...###...###..# .#.
#.⌠.# ..# # #...# #
..$..


You could see an ogre.

Vanquished Creatures
  A hornet zombie (D:3)
  An orc priest (D:4)
  Jessica (D:2)
  3 adders (D:3)
  An ooze (D:1)
  2 worms
  2 dart slugs
  2 leopard geckos
  3 orcs (D:4)
  A ball python (D:3)
  2 giant cockroaches
  7 hobgoblins
  10 kobolds
  9 bats
  3 frilled lizards
  A giant cockroach zombie (D:2)
  7 goblins
  A leopard gecko zombie (D:2)
  2 quokka skeletons (D:2)
  6 rats
65 creatures vanquished.

Vanquished Creatures (collateral kills)
  The ghost of Biabri the Chopper, an amateur HOMo (D:3)
1 creature vanquished.

Grand Total: 66 creatures vanquished

Notes
Turn   | Place    | Note
-------+----------+-------------------------------------------
     0 | D:1      | Gremour the Draconian Monk began the quest for the Orb.
     0 | D:1      | Reached XP level 1. HP: 19/19 MP: 1/1
   410 | D:1      | Reached XP level 2. HP: 26/26 MP: 2/2
   946 | D:2      | Reached XP level 3. HP: 24/31 MP: 3/3
  1305 | D:2      | Noticed Jessica
  1333 | D:2      | Killed Jessica
  1333 | D:2      | Reached skill level 4 in Long Blades
  1448 | D:2      | Reached XP level 4. HP: 40/40 MP: 4/4
  1533 | D:3      | Found a shimmering altar of Xom.
  1554 | D:3      | Became a worshipper of Xom the Capricious
  1599 | D:3      | XOM: potion effect (agility)
  1600 | D:3      | Noticed Biabri's ghost (amateur HOMo)
  1643 | D:3      | XOM: potion effect (invisibility)
  2069 | D:3      | XOM: mild Chrm miscast
  2235 | D:3      | XOM: summons 4 friendly demons
  2249 | D:3      | Killed Biabri's ghost
  2249 | D:3      | Reached skill level 1 in Unarmed Combat
  2249 | D:3      | Reached XP level 5. HP: 31/46 MP: 5/5
  2287 | D:3      | Reached skill level 5 in Long Blades
  2287 | D:3      | Reached XP level 6. HP: 18/52 MP: 6/6
  2533 | D:3      | Learned a level 1 spell: Summon Small Mammal
  2862 | D:4      | Found a staircase to the Ecumenical Temple.
  2869 | D:4      | Slain by an ogre

Skill      XL: |  1  2  3  4  5 |
---------------+----------------+-----
Dodging        | 3 |  3.4
Stealth        | 2 3 |  3.1
Long Blades    | 4 5 |  5.1
Unarmed Combat | 1 |  1.9
Fighting       | 4 |  4.0
Spellcasting   | |  0.5
Evocations     | |  0.8

Action                   |  1- 3 |  4- 6 || total
-------------------------+-------+-------++-------
Melee: Falchion          |   103 |    99 ||   202
       Tailslap          |    12 |    17 ||    29
 Cast: Summon Small Mamm |       |     1 ||     1
Evoke: Wand              |       |     7 ||     7
  Use: Potion            |     1 |       ||     1
       Scroll            |       |     3 ||     3
 Stab: Sleeping          |     3 |     6 ||     9
  Eat: Chunk             |     2 |     4 ||     6
       Fruit             |       |     1 ||     1
Armor: Skin              |    26 |    29 ||    55
Dodge: Dodged            |    71 |    60 ||   131
       Rpst.: Falchion   |    20 |    27 ||    47
